 Dungeon Crawl Stone Soup version 0.23-a0-119-ga86c9e7 (webtiles) character file.

12791 Amnesiac the Destroyer (level 11, -1/74 HPs)
             Began as a Mummy Air Elementalist on Aug 24, 2018.
             Was an Elder of Dithmenos.
             Slain by an orc warlord
             ... wielding a +2 great sword
              (32 damage)
             ... on level 1 of the Orcish Mines.
             The game lasted 00:24:55 (16906 turns).

Amnesiac the Destroyer (Mummy Air Elementalist)    Turns: 16906, Time: 00:24:55

Health: -1/74      AC: 10    Str: 12    XL:     11   Next: 67%
Magic:  3/24       EV: 13    Int: 18    God:    Dithmenos [****..]
Gold:   1264       SH:  0    Dex: 12    Spells: 8/28 levels left

rFire    + . .     SeeInvis .   a - +0 long sword (flame)
rCold    + + +     Gourm    .   (no shield)
rNeg     + + +     Faith    .   f - +2 robe {rC+ rF+}
rPois    ∞         Spirit   .   s - +0 helmet
rElec    .         Reflect  .   i - scarf {rC+ rF+}
rCorr    .         Harm     .   r - +0 pair of gloves
MR       +....                  h - +0 pair of boots (curse)
Stlth    ++........             d - amulet of the acrobat
HPRegen  0.22/turn              o - ring of protection from cold
MPRegen  0.19/turn              c - +3 ring of protection

@: wreathed by umbra
A: no food or potions, fire vulnerability, cold resistance 1, negative energy
resistance 3, torment resistance, unbreathing
a: Shadow Step, Renounce Religion


You were on level 1 of the Orcish Mines.
You worshipped Dithmenos.
Dithmenos was greatly pleased with you.
You were not hungry.

You visited 3 branches of the dungeon, and saw 12 of its levels.

You collected 1264 gold pieces.

Inventory:

Hand Weapons
 a - a +0 long sword of flaming (weapon)
Armour
 e - the +5 chain mail "Wedechap" {rElec MR++}
   (You found it on level 9 of the Dungeon)

   It insulates you from electricity.
   It affects your resistance to hostile enchantments.
 f - a +2 robe of resistance (worn)
 h - a cursed +0 pair of boots (worn)
 i - a scarf of resistance (worn)
 r - a +0 pair of gloves (worn)
 s - a +0 helmet (worn)
Magical Staves
 n - an uncursed staff of energy
Jewellery
 c - a +3 ring of protection (right hand)
 d - an amulet of the acrobat (around neck)
 m - an uncursed ring of flight
 o - a ring of protection from cold (left hand)
Wands
 b - a wand of polymorph (15)
 p - a wand of iceblast (2)
 q - a wand of paralysis (9)
Scrolls
 g - a scroll of remove curse {!r}
 j - 3 scrolls of magic mapping {!r}
 k - 6 scrolls of teleportation {!r}
 l - 2 scrolls of fog {!r}
 t - a scroll of identify {!r}


   Skills:
 + Level 2.6 Fighting
 * Level 3.8 Dodging
 - Level 1.5 Stealth
 - Level 9.0 Spellcasting
 - Level 9.0 Conjurations
 - Level 9.0 Air Magic
 - Level 4.2 Invocations
 - Level 5.1 Evocations


You had 8 spell levels left.
You knew the following spells:

 Your Spells              Type           Power        Failure   Level  Hunger
a - Airstrike             Air            #####.....   2%          4    N/A
b - Mephitic Cloud        Conj/Pois/Air  ####....     2%          3    N/A
d - Lightning Bolt        Conj/Air       #####.....   6%          5    N/A
e - Shock                 Conj/Air       ####         1%          1    N/A
s - Conjure Flame         Conj/Fire      ###.....     4%          3    N/A
v - Blink                 Tloc           N/A          13%         2    N/A
z - Swiftness             Chrm/Air       ###.....     1%          2    N/A

Your spell library contained the following spells:

 Spells                   Type           Power        Failure   Level  Hunger
 Magic Dart               Conj           ####         1%          1    N/A
 Static Discharge         Conj/Air       #####...     1%          3    N/A
 Animate Skeleton         Necr           N/A          9%          1    N/A
 Call Imp                 Summ           #.......     13%         2    N/A
 Slow                     Hex            #.......     13%         2    N/A

Dungeon Overview and Level Annotations

Branches:
Dungeon (9/15)             Temple (1/1) D:4            Lair (0/6) D:8
    Orc (2/2) D:9             Elf (0/3) Orc:2

Altars:
Ashenzari
Cheibriados
Dithmenos
Elyvilon
Fedhas
Gozag
Hepliaklqana
Kikubaaqudgha
Nemelex Xobeh
Okawaru
Qazlal
Sif Muna
Trog
Uskayaw
Vehumet
Wu Jian
Xom
Yredelemnul
Zin
The Shining One

Shops:
D:7 :   D:8 %   Orc:1 [   Orc:2 *


Innate Abilities, Weirdness & Mutations

You do not eat or drink.
Your flesh is vulnerable to fire.
You are immune to poison.
Your flesh is cold resistant. (rC+)
You are immune to negative energy. (rN+++)
You are immune to unholy pain and torment.
You can survive without breathing.


Message History

The orc warlord is moderately wounded.
The bolt of lightning hits the orc warlord.
The orc warlord is severely wounded.
The orc warlord hits you with an enchanted great sword!
Unknown command.
Casting: Lightning Bolt (safe; 6% risk of failure)
Confirm with . or Enter, or press ? or * to list all spells.
Aiming: Lightning Bolt (safe; 6% risk of failure)
Press: ? - help, Shift-Dir - straight line, f/p - orc warlord
Aim: an orc warlord, wielding an enchanted great sword and wearing a chain mail (severely wounded, umbra)
You hear a mighty clap of thunder!
The bolt of lightning hits the orc warlord.
The orc warlord is severely wounded.
The bolt of lightning hits the orc warlord.
The orc warlord is severely wounded.
The orc warlord hits you with an enchanted great sword!!
* * * LOW HITPOINT WARNING * * *
Unknown command.
Casting: Lightning Bolt (safe; 6% risk of failure)
Confirm with . or Enter, or press ? or * to list all spells.
Aiming: Lightning Bolt (safe; 6% risk of failure)
Press: ? - help, Shift-Dir - straight line, f/p - orc warlord
Aim: an orc warlord, wielding an enchanted great sword and wearing a chain mail (severely wounded, umbra)
You hear a mighty clap of thunder!
The bolt of lightning hits the orc warlord.
The orc warlord is severely wounded.
The bolt of lightning hits the orc warlord.
The orc warlord is almost dead.
Unknown command.
Casting: Lightning Bolt (safe; 6% risk of failure)
Confirm with . or Enter, or press ? or * to list all spells.
Aiming: Lightning Bolt (safe; 6% risk of failure)
Press: ? - help, Shift-Dir - straight line, f/p - orc warlord
Aim: an orc warlord, wielding an enchanted great sword and wearing a chain mail (almost dead, umbra)
You hear a mighty clap of thunder!
The bolt of lightning misses the orc warlord.
The bolt of lightning hits the orc warlord.
The orc warlord is almost dead.
The orc warlord barely misses you.
Unknown command.
Casting: Lightning Bolt (safe; 6% risk of failure)
Confirm with . or Enter, or press ? or * to list all spells.
You don't have enough magic to cast that spell.
Unknown command.
Casting: Lightning Bolt (safe; 6% risk of failure)
Confirm with . or Enter, or press ? or * to list all spells.
Aiming: Shock (safe; 1% risk of failure)
Press: ? - help, Shift-Dir - straight line, f/p - orc warlord
Aim: an orc warlord, wielding an enchanted great sword and wearing a chain mail (almost dead, umbra)
The zap hits the orc warlord.
The orc warlord is almost dead.
The zap misses the orc warlord.
The orc warlord barely misses you.
Unknown command.
Casting: Shock (safe; 1% risk of failure)
Confirm with . or Enter, or press ? or * to list all spells.
Aiming: Shock (safe; 1% risk of failure)
Press: ? - help, Shift-Dir - straight line, f/p - orc warlord
Aim: an orc warlord, wielding an enchanted great sword and wearing a chain mail (almost dead, umbra)
The zap hits the orc warlord.
The orc warlord is almost dead.
The zap hits the orc warlord.
The orc warlord is almost dead.
The orc warlord hits you with an enchanted great sword!!
You die...

#..........#........
##...#...............
#....##..............
##.....##.............
#.....###.............
##....## ##............
#.....####.#...#.......
##....o##.......#......
###..@.##^##..##......
##..###########.....
#...# ###.#[ ##.## ###.
### #.. ##. #. ##[ ##..


You could see an orc warlord.

Vanquished Creatures
  Harold (D:7)
  5 two-headed ogres
  Pikel (D:6)
  An orc knight (D:9)
  An orc sorcerer (Orc:1)
  A cyclops (D:9)
  4 trolls
  Prince Ribbit (D:5)
  Sigmund (D:5)
  2 hungry ghosts
  4 wargs (Orc:1)
  Duvessa (D:6)
  A water moccasin (D:6)
  A black bear (D:7)
  9 orc warriors
  2 ice beasts
  A phantom (D:7)
  3 sky beasts
  7 ogres
  5 centaurs
  6 bullfrogs
  A gnoll sergeant (D:6)
  2 water moccasin zombies
  3 scorpions
  6 killer bees
  4 wights (D:8)
  3 howler monkeys
  2 crimson imps
  A bullfrog zombie (D:6)
  A centaur zombie (D:8)
  13 orc wizards
  3 hounds
  3 jellies
  9 orc priests
  A bullfrog skeleton (D:7)
  2 iguanas
  7 worker ants
  12 gnolls
  10 adders
  3 shadow imps
  3 adder zombies
  An ooze (D:4)
  An adder skeleton (D:6)
  3 worms
  2 dart slugs (D:2)
  8 leopard geckos
  35 orcs
  9 giant cockroaches
  6 goblins
  7 hobgoblins
  4 jackals
  3 quokkas
  2 ball pythons
  A ball python skeleton (D:2)
  3 bats
  A frilled lizard (D:2)
  A giant cockroach zombie (D:5)
  A jackal skeleton (D:6)
  4 kobolds
  2 leopard gecko zombies
  16 rats
257 creatures vanquished.

Vanquished Creatures (others)
  2 slaves (D:6)
  Dowan (D:6)
  A shadow imp (Orc:2)
  2 orcs
  7 fungi (Orc:2)
13 creatures vanquished.

Grand Total: 270 creatures vanquished

Notes
Turn   | Place    | Note
-------+----------+-------------------------------------------
     0 | D:1      | Amnesiac the Mummy Air Elementalist began the quest for the Orb.
     0 | D:1      | Reached XP level 1. HP: 13/13 MP: 4/4
   337 | D:2      | Reached XP level 2. HP: 19/19 MP: 0/5
   341 | D:2      | Learned a level 2 spell: Swiftness
   428 | D:3      | Found an opulent altar of Gozag.
   572 | D:3      | Reached XP level 3. HP: 18/24 MP: 0/7
   946 | D:4      | Reached XP level 4. HP: 18/30 MP: 1/9
  1000 | D:4      | Learned a level 4 spell: Airstrike
  1091 | D:4      | Found a staircase to the Ecumenical Temple.
  1098 | Temple   | Entered the Ecumenical Temple
  1155 | Temple   | Became a worshipper of Dithmenos the Shadowed
  1630 | D:1      | Reached * piety under Dithmenos
  2298 | D:2      | Found a basalt altar of Yredelemnul.
  2456 | D:2      | Found a glowing golden altar of the Shining One.
  2540 | D:2      | Found a bloodstained altar of Trog.
  2540 | D:2      | Found a hide-covered altar of Uskayaw.
  2720 | D:2      | Reached XP level 5. HP: 35/35 MP: 5/11
  2776 | D:2      | Found a stormy altar of Qazlal.
  2889 | D:3      | Learned a level 5 spell: Lightning Bolt
  3133 | D:3      | Found a faded altar of an unknown god.
  3996 | D:5      | Entered Level 5 of the Dungeon
  3996 | D:5      | Noticed Sigmund
  3999 | D:5      | Noticed Prince Ribbit
  4044 | D:4      | Reached ** piety under Dithmenos
  4044 | D:4      | Reached XP level 6. HP: 31/41 MP: 0/13
  4130 | D:4      | Learned a level 2 spell: Blink
  4133 | D:5      | Reached skill level 5 in Spellcasting
  4133 | D:5      | Reached skill level 5 in Air Magic
  4212 | D:5      | Noticed a sky beast
  4293 | D:4      | Killed a sky beast
  4591 | D:5      | Found a hazy altar of Hepliaklqana.
  4673 | D:5      | HP: 2/41 [something/puff of flame (6)]
  5094 | D:5      | Reached XP level 7. HP: 46/46 MP: 4/15
  5661 | D:5      | Killed Sigmund
  5932 | D:5      | Killed Prince Ribbit
  6458 | D:6      | Reached XP level 8. HP: 46/52 MP: 8/18
  6537 | D:6      | Noticed Duvessa
  6659 | D:6      | Killed Duvessa
  6659 | D:6      | Noticed Dowan
  7002 | D:6      | Reached skill level 1 in Conjurations
  7205 | D:6      | Found an ancient bone altar of Kikubaaqudgha.
  7205 | D:6      | Found a radiant altar of Vehumet.
  7212 | D:6      | Identified Kikubaaqudgha's Handbook of Black Magic
  7226 | D:6      | Found a deep blue altar of Sif Muna.
  7269 | D:6      | Learned a level 3 spell: Mephitic Cloud
  7379 | D:6      | Reached XP level 9. HP: 57/57 MP: 10/21
  7540 | D:6      | Reached *** piety under Dithmenos
  7836 | D:6      | Reached skill level 5 in Conjurations
  8047 | D:6      | Noticed Pikel
  8062 | D:6      | Killed Pikel
  8395 | D:6      | Killed Dowan
  8402 | D:6      | Found an ancient bone altar of Kikubaaqudgha.
  8402 | D:6      | Found a deep blue altar of Sif Muna.
  8415 | D:6      | Found a radiant altar of Vehumet.
  9818 | D:7      | Noticed Harold
  9846 | D:7      | Killed Harold
  9846 | D:7      | Reached XP level 10. HP: 63/63 MP: 0/22
 10205 | D:7      | Found Desacw's Book Boutique.
 11072 | D:8      | Noticed a two-headed ogre
 11101 | D:8      | Killed a two-headed ogre
 11425 | D:8      | Noticed a two-headed ogre
 11432 | D:8      | HP: 2/63 [two-headed ogre/giant club (26)]
 11433 | D:8      | Killed a two-headed ogre
 11477 | D:8      | HP: 2/63 [orc warrior/halberd (7)]
 11529 | D:7      | Learned a level 3 spell: Conjure Flame
 11833 | D:8      | Found Cemen's Food Boutique.
 11836 | D:8      | Found a staircase to the Lair.
 11846 | D:8      | Reached skill level 1 in Evocations
 12444 | D:8      | Found an iron altar of Okawaru.
 12706 | D:9      | Noticed a two-headed ogre
 12716 | D:9      | Killed a two-headed ogre
 12719 | D:9      | Noticed a two-headed ogre
 13031 | D:9      | Got a spiked chain mail
 13163 | D:8      | Identified the +5 chain mail "Wedechap" {rElec MR++} (You found it on level 9 of the Dungeon)
 13270 | D:9      | Found a staircase to the Orcish Mines.
 13297 | D:9      | Killed a two-headed ogre
 13297 | D:9      | Reached XP level 11. HP: 47/68 MP: 3/24
 13439 | D:9      | Reached skill level 1 in Invocations
 13792 | D:9      | Reached **** piety under Dithmenos
 14393 | Orc:1    | Entered Level 1 of the Orcish Mines
 14399 | Orc:1    | Noticed an orc knight
 14866 | D:9      | Killed an orc knight
 14866 | D:9      | Reached skill level 5 in Evocations
 15262 | Orc:1    | Found Dico's Armour Emporium.
 15592 | Orc:2    | Entered Level 2 of the Orcish Mines
 15592 | Orc:2    | Found a staircase to the Elven Halls.
 15612 | Orc:2    | Found Ysidee's General Store.
 15626 | Orc:2    | Noticed an orc sorcerer
 15972 | Orc:2    | Noticed an orc sorcerer
 15994 | Orc:1    | HP: 3/69 [orc sorcerer/bolt of fire (1)]
 15995 | Orc:1    | Killed an orc sorcerer
 15995 | Orc:1    | Reached skill level 1 in Fighting
 16312 | Orc:2    | Noticed an orc knight
 16533 | Orc:2    | Noticed an orc knight
 16721 | Orc:1    | Noticed a two-headed ogre
 16730 | Orc:1    | Killed a two-headed ogre
 16857 | Orc:2    | Noticed an orc warlord
 16906 | Orc:1    | Slain by an orc warlord

Vault maps used:
D:1:      dpeg_arrival_ratfight, serial_forest, infiniplex_forest_lined_corner,
          infiniplex_forest_end_1, infiniplex_forest_clump_double,
          infiniplex_forest_clump_small, infiniplex_forest_corner_1,
          infiniplex_forest_lined_2, infiniplex_forest_clump_small,
          infiniplex_forest_end_1, infiniplex_forest_clump_double,
          nrook_loot_triangle, minmay_misc_feat_four_crosses
D:2:      tso_oasis_becter, lemuel_coloured_pillars_altar,
          nicolae_overflow_crystal_walls, nicolae_overflow_hidden_temple
D:3:      lemuel_doored_altar, chequers_ecumenical_altar_twisty, st_stairs_7
D:4:      minmay_temple_entry_junction_2, first_ration, lemuel_old_faithful
D:5:      lemuel_round_altar, minmay_crystal_room, kennysheep_small_spiral,
          minmay_holes, uniq_prince_ribbit1, uniq_sigmund
D:6:      palyth_temple_overflow_mages, uniq_pikel, uniq_duvessa
D:7:      black_bear_nest_2, serial_shops, nicolae_shop_waterfront, uniq_harold
D:8:      kennysheep_little_box, lair_entry_dummy, serial_shops,
          nicolae_shop_statue_plus
D:9:      minmay_diamond_stairs, orc_0_dummy, serial_co_window_serial,
          co_window_corner_a, co_window_paths_a, co_window_corner_a,
          co_window_cross_1, co_window_corner_a, co_window_paths_b,
          co_window_paths_b, co_window_corner_cb, co_window_corner_b,
          co_window_corner_ca, co_window_corner_ca, glass_columns_c,
          glass_columns_a, glass_columns_a
Temple:   dpeg_three_leaves_temple
Orc:1:    serial_shops, nicolae_shop_waterfront
Orc:2:    grunt_orc_gardens, grunt_orc_garden, grunt_orc_garden,
          grunt_orc_garden, grunt_orc_garden, serial_shops,
          nicolae_shop_crystal, hangedman_minor_magic

Skill      XL: |  1  2  3  4  5  6  7  8  9 10 11 |
---------------+----------------------------------+-----
Air Magic      | 3 4 5 6 8 9 |  9.0
Spellcasting   | 3 4 5 6 8 9 |  9.0
Conjurations   | 3 8 9 |  9.0
Evocations     | 4 5 |  5.1
Invocations    | 4 |  4.2
Dodging        | 3 |  3.8
Fighting       | 2 |  2.6
Stealth        | |  1.5

Action                   |  1- 3 |  4- 6 |  7- 9 | 10-12 || total
-------------------------+-------+-------+-------+-------++-------
Melee: Unarmed           |     4 |       |       |       ||     4
       Whip              |     8 |       |       |       ||     8
       Long sword        |     4 |    22 |       |     4 ||    30
       Falchion          |       |       |    15 |    10 ||    25
 Cast: Shock             |    51 |   136 |   174 |   114 ||   475
       Airstrike         |       |    22 |    57 |    86 ||   165
       Lightning Bolt    |       |       |     6 |    40 ||    46
       Blink             |       |       |     1 |     1 ||     2
       Mephitic Cloud    |       |       |       |     3 ||     3
       Swiftness         |       |       |       |     1 ||     1
Evoke: Wand              |       |       |       |     4 ||     4
  Use: Scroll            |       |    12 |     1 |     1 ||    14
 Stab: Sleeping          |       |       |       |     1 ||     1
Armor: Robe              |     9 |    12 |    21 |    47 ||    89
Dodge: Dodged            |    46 |    71 |    76 |   143 ||   336
       Rpst.: Long sword |     6 |    20 |     2 |    21 ||    49
       Falchion          |       |       |    22 |     5 ||    27

Table legend:
 A = Non-vault XP
 B = Vault XP
 C = Vault XP percentage of total XP
 D = Non-vault monster count
 E = Vault monster count
 F = Vault count percentage of total count
                 A         B        C        D         E       F
            +---------+---------+-------+---------+---------+-------
      Total |   11807 |    6466 |  35.4 |     226 |      31 |  12.1
            +---------+---------+-------+---------+---------+-------
        D:1 |      36 |       5 |  12.2 |      22 |       5 |  18.5
        D:2 |      74 |       0 |   0.0 |      20 |       0 |   0.0
        D:3 |      42 |       4 |   8.7 |      11 |       2 |  15.4
        D:4 |     383 |       0 |   0.0 |      23 |       0 |   0.0
        D:5 |     320 |     497 |  60.8 |      20 |       2 |   9.1
        D:6 |    2017 |     977 |  32.6 |      42 |       7 |  14.3
        D:7 |     894 |    1103 |  55.2 |      15 |       2 |  11.8
        D:8 |    3427 |       0 |   0.0 |      27 |       0 |   0.0
        D:9 |    2819 |    1908 |  40.4 |      27 |       4 |  12.9
      Orc:1 |    1677 |    1109 |  39.8 |      18 |       5 |  21.7
      Orc:2 |     118 |     863 |  88.0 |       1 |       4 |  80.0
            +---------+---------+-------+---------+---------+-------
